 Dungeon Crawl Stone Soup version 0.31-a0-37-g98a128e1d9 (webtiles) character file.

Game seed: 7221151379750657901

80 Elsrick the Magician (level 4, -1/24 HPs)
             Began as a Deep Elf Air Elementalist on May 15, 2023.
             Slain by Terence
             ... wielding a +0 flail
              (5 damage)
             ... on level 2 of the Dungeon.
             The game lasted 00:10:31 (1883 turns).

Elsrick the Magician (Deep Elf Air Elementalist)    Turns: 1883, Time: 00:10:33

Health: -1/24      AC:  2    Str:  5    XL:     4   Next: 18%
Magic:  9/12       EV: 12    Int: 22    God:
Gold:   136        SH:  0    Dex: 15    Spells: 4/11 levels left

rFire   . . .        d - +0 spear
rCold   . . .        (no shield)
rNeg    . . .        a - +0 robe
rPois   .            (no helmet)
rElec   .            (no cloak)
rCorr   .            (no gloves)
SInv    +            (no boots)
Will    .....        (no amulet)
Stlth   ++           h - ring of see invisible
HPRegen 0.24/turn    (no ring)
MPRegen 0.13/turn

%: no passive effects
@: wereblooded
A: no striking features
a: no special abilities


You were on level 2 of the Dungeon.
You visited 1 branch of the dungeon, and saw 2 of its levels.

You collected 136 gold pieces.

Inventory:

Hand Weapons
 d - a +0 spear (weapon)
Missiles
 e - 3 silver javelins
 r - 3 boomerangs of dispersal
Armour
 a - a +0 robe (worn)
Jewellery
 h - a ring of see invisible (left hand)
Scrolls
 f - a scroll of vulnerability {unknown}
 j - 2 scrolls of enchant armour
 l - a scroll of brand weapon {unknown}
 q - a scroll of fog {unknown}
Potions
 b - a potion of magic
 c - a potion of degeneration {unknown}
 g - 3 potions of ambrosia
 k - a potion of haste {unknown}
 m - a potion of resistance {unknown}
 n - a potion of curing {unknown}
 o - a potion of heal wounds {unknown}
 p - 2 potions of lignification


   Skills:
 + Level 2.5 Dodging
 + Level 2.7 Stealth
 + Level 4.3 Spellcasting
 + Level 1.9 Conjurations
 + Level 3.9 Air Magic


You had 4 spell levels left.
You knew the following spells:

 Your Spells              Type           Power      Damage    Failure   Level
a - Shock                 Conj/Air       68%        1d7       3%          1
b - Wereblood             Tmut           4%         N/A       16%         2
c - Searing Ray           Conj           26%        2d5       8%          2
d - Scorch                Fire           8%         2d5       16%         2

Your spell library contained the following spells:

 Spells                   Type           Power      Damage    Failure   Level
 Magic Dart               Conj           52%        1d5       4%          1
 Static Discharge         Conj/Air       34%        2-4/arc   4%          2
 Swiftness                Air            22%        N/A       6%          3
 Beastly Appendage        Tmut           8%         N/A       11%         1
 Airstrike                Air            11%        2d(2-18)  22%         4
 Spider Form              Tmut/Pois      4%         N/A       32%         3
 Flame Wave               Conj/Fire      9%         2d6       58%         4
 Fulminant Prism          Conj/Hex       4%         3d5       58%         4
 Summon Cactus Giant      Summ           2%         N/A       100%        6


Dungeon Overview and Level Annotations

Branches:
Dungeon (2/15)

Altars:

Annotations:
D:2 Terence


Message History

Okay, then.
Casting: Shock (safe; 3% risk of failure)
Confirm with . or Enter, or press ? or * to list all spells.
You can't see any susceptible monsters within range! (Use Z to cast anyway.)
Casting: Shock (safe; 3% risk of failure)
Confirm with . or Enter, or press ? or * to list all spells.
You can't see any susceptible monsters within range! (Use Z to cast anyway.)
Casting: Shock (safe; 3% risk of failure)
Confirm with . or Enter, or press ? or * to list all spells.
You can't see any susceptible monsters within range! (Use Z to cast anyway.)
Casting: Shock (safe; 3% risk of failure)
Confirm with . or Enter, or press ? or * to list all spells.
Aiming: Shock (safe; 3% risk of failure)
Press: ? - help, Shift-Dir - straight line, f/p - Terence
Aim: Terence, wielding a +0 flail and wearing a +1 chain mail of poison resistance (moderately wounded, 79% to hit)
The zap hits Terence but does no damage.
Terence is moderately wounded.
Casting: Shock (safe; 3% risk of failure)
Confirm with . or Enter, or press ? or * to list all spells.
Your blood is infused with primal strength.
You completely miss Terence.
Terence is moderately wounded.
Terence misses you.
You barely miss Terence.
Terence is moderately wounded.
Terence closely misses you.
You hit Terence.
Terence is moderately wounded.
Terence hits you with a +0 flail!
You closely miss Terence.
Terence is moderately wounded.
Terence hits you with a +0 flail.
You barely miss Terence.
Terence is moderately wounded.
Terence hits you with a +0 flail!
* * * LOW HITPOINT WARNING * * *
You hit Terence.
Terence is heavily wounded.
Terence hits you with a +0 flail.
You die...

.. .# #...........###.
.###.#.###..........# #.
.........#..........###.
........................
##.....?...#.........###..
#..........#..<......####.
#.#### #S##...........##.
#....# #@##..............
####.####@##.........##...
#.##...................
####.#..#.##..............
#...................#.##..
#..........######.##......
#...........# #......##.
#..P~P.P⌠~~.# #.........
#..P....P.~.## #.........
#.[⌠.####.~..# ##.........


You could see Terence and an adder.

Vanquished Creatures
  3 adders (D:2)
  A worm (D:2)
  2 dart slugs (D:2)
  3 ball pythons (D:1)
  5 endoplasms
  3 giant cockroaches
  8 goblins
  4 hobgoblins
  2 quokkas (D:1)
  A bat (D:2)
  5 frilled lizards
  2 kobolds (D:2)
  5 rats
44 creatures vanquished.

Notes
Turn   | Place    | Note
-------+----------+-------------------------------------------
     0 | D:1      | Elsrick the Deep Elf Air Elementalist began the quest for
                  | the Orb.
     0 | D:1      | Reached XP level 1. HP: 10/10 MP: 6/6
     2 | D:1      | Noticed an elf
     2 | D:1      | Noticed a troll
     4 | D:1      | Noticed an ogre
     4 | D:1      | Noticed a vine stalker
     6 | D:1      | Noticed a minotaur
     6 | D:1      | Noticed a ghoul
     8 | D:1      | Noticed a vampire
     8 | D:1      | Noticed a demigod
    10 | D:1      | Noticed an armataur
    10 | D:1      | Noticed an octopode
    12 | D:1      | Noticed a spriggan
    12 | D:1      | Noticed a tengu
    14 | D:1      | Noticed a demonspawn
    14 | D:1      | Noticed a formicid
    16 | D:1      | Noticed a naga
    16 | D:1      | Noticed a human
    18 | D:1      | Noticed a merfolk
    20 | D:1      | Noticed a meteoran
    20 | D:1      | Noticed a draconian
    63 | D:1      | Noticed a felid
    65 | D:1      | Noticed a meteoran
    65 | D:1      | Noticed a vampire
   367 | D:1      | Reached XP level 2. HP: 15/15 MP: 3/8
   417 | D:1      | Learned a level 2 spell: Wereblood
   714 | D:1      | Learned a level 2 spell: Searing Ray
   904 | D:1      | Reached XP level 3. HP: 19/19 MP: 6/10
  1137 | D:2      | Reached skill level 4 in Spellcasting
  1648 | D:2      | Reached XP level 4. HP: 15/24 MP: 7/12
  1770 | D:2      | Noticed Terence
  1851 | D:2      | Learned a level 2 spell: Scorch
  1883 | D:2      | Slain by Terence

Illustrated notes

Levels and vault maps discovered:
D:1:      kb_arrival_jail, layout_loops_ring
D:2:      layout_rooms, shapermc_ecumenical_altar_acropolis, solitary_fountain,
          cheibrodos_gnoll_hut, uniq_terence

Skill      XL: |  1  2  3 |
---------------+----------+-----
Spellcasting   | 4 |  4.3
Dodging        | |  2.5
Stealth        | |  2.7
Conjurations   | |  1.9
Air Magic      | |  3.9

Action                     |  1- 3 |  4- 6 || total
---------------------------+-------+-------++-------
  Melee: Spear             |    27 |     7 ||    34
   Cast: Shock             |    77 |     6 ||    83
         Searing Ray       |     1 |       ||     1
         Wereblood         |       |     1 ||     1
    Use: Scroll            |       |     3 ||     3
 Armour: Robe              |     6 |       ||     6
  Dodge: Dodged            |    20 |     2 ||    22

Table legend: (Time is in decaauts)
 A = Elapsed time spent in this place.
 B = Non-inter-level travel time spent in this place.
 C = Inter-level travel time spent in this place.
 D = Time resting spent in this place.
 E = Time spent auto-exploring this place.
 F = Levels seen in this place.
 G = Mean time per level.
                   A        B        C        D        E       F      G
               +--------+--------+--------+--------+--------+-----+--------+
         Total |   1885 |   1822 |     63 |    630 |    569 |   2 |  942.5 |
       Dungeon |   1885 |   1822 |     63 |    630 |    569 |   2 |  942.5 |
               +--------+--------+--------+--------+--------+-----+--------+

Top non-repeatable levels by time:
     D:1: 1042 daAuts
     D:2: 842 daAuts
